 Dungeon Crawl Stone Soup version 0.32-a0-779-g362cfcae2a (webtiles) character file.

Game seed: 13662284059394833366

851 YayAnonymity the Mimic (level 8, -7/61 HPs)
             Began as a Merfolk Shapeshifter on Mar 19, 2024.
             Mangled by a gnoll
             ... wielding a +0 flail
              (8 damage)
             ... on level 5 of the Dungeon.
             The game lasted 00:06:44 (3960 turns).

YayAnonymity the Mimic (Merfolk Shapeshifter)       Turns: 3960, Time: 00:06:44

Health: -7/61      AC:  0    Str: 17    XL:     8   Next: 1%
Magic:  8/8        EV: 17    Int:  9    God:
Gold:   233        SH:  0    Dex: 13    Spells: 7/7 levels left

rFire   . . .        h - melded +2 short sword (venom)
rCold   + . .        (shield currently unavailable)
rNeg    . . .        n - melded +0 chain mail
rPois   .            (no helmet)
rElec   .            (no cloak)
rCorr   .            (no gloves)
SInv    .            (no boots)
Will    .....        k - amulet of the acrobat
Stlth   +            l - +4 ring of slaying
HPRegen 0.30/turn    f - ring of protection from cold
MPRegen 0.11/turn

%: acrobat
@: flux-form, glowing
A: glow, contaminating, (nimble swimmer 2), mertail
a: Begin Untransformation


You were on level 5 of the Dungeon.
You were something dangerously unstable.
You visited 1 branch of the dungeon, and saw 5 of its levels.

You collected 233 gold pieces.

Inventory:

Hand Weapons
 h - a +2 short sword of venom (melded)
Missiles
 a - 12 poisoned darts (quivered)
Armour
 n - a +0 chain mail (melded)
 t - a +0 buckler
Jewellery
 f - a ring of protection from cold (right hand)
 k - an amulet of the acrobat (around neck)
 l - a +4 ring of slaying (left hand)
Talismans
 c - a beast talisman
 d - a flux talisman (active)
Wands
 s - a wand of polymorph (13)
Scrolls
 e - 2 scrolls of immolation {unknown}
 g - 2 scrolls of teleportation {unknown}
 i - 2 scrolls of blinking {unknown}
 m - 7 scrolls of identify {unknown}
 p - a scroll of enchant weapon {unknown}
 q - a scroll of silence {unknown}
 r - 2 scrolls of enchant armour {unknown}
Potions
 b - a potion of lignification
 j - 2 potions of heal wounds {unknown}
 o - a potion of magic {unknown}
 u - a potion of resistance {unknown}
 v - a potion of berserk rage {unknown}


   Skills:
 + Level 4.9 Fighting
 - Level 5.0 Dodging
 + Level 4.1 Unarmed Combat
 * Level 8.6 Shapeshifting


You had 7 spell levels left.
You didn't know any spells.
Your spell library contained the following spells:

 Spells                   Type           Power      Damage    Failure   Level
 Slow                     Hex            0%         N/A       38%         1
 Confusing Touch          Hex            0%         N/A       77%         3
 Vampiric Draining        Necr           0%         2d6       77%         3


Dungeon Overview and Level Annotations

Branches:
Dungeon (5/15)
 Temple: D:4-7

Altars:
Hepliaklqana

Annotations:
D:3 1 runed translucent door, Crazy Yiuf


Innate Abilities, Weirdness & Mutations

You are something dangerously unstable.
You glow with magical radiation, making you easy to see and hit.
Foes you strike become dangerously contaminated with magical radiation.
You are incapable of wielding weapons or throwing items.
((You are very nimble when in or above water. (Stealth+, EV+, Speed+++)))
Your lower body shifts to a powerful aquatic tail in water.


Message History

You punch the gnoll!
The gnoll shudders as magic cascades through it!!
You kill the gnoll!
The white imp misses you.
A gnoll comes into view. It is wielding a +0 flail.
You have reached level 8!
You barely miss the white imp.
The gnoll shouts!
The white imp misses you.
You completely miss the white imp. The white imp hits you.
The white imp freezes you. You resist.
You hit the white imp.
The white imp begins to glow.
The white imp is lightly wounded.
The white imp hits you. The white imp freezes you. You resist.
You hit the white imp.
The white imp glows dangerously bright.
The white imp is severely wounded.
The white imp hits you. The white imp freezes you. You resist.
You hit the white imp.
The white imp shudders as magic cascades through it!!
You kill the white imp!
You closely miss the gnoll. The gnoll closely misses you.
You closely miss the gnoll. The gnoll barely misses you.
You barely miss the gnoll. The gnoll hits you with a +0 flail!
* * * LOW HITPOINT WARNING * * *
You closely miss the gnoll. The gnoll barely misses you.
You barely miss the gnoll. The gnoll misses you.
You hit the gnoll.
The gnoll begins to glow.
The gnoll is moderately wounded.
The gnoll hits you with a +0 flail.
* * * LOW HITPOINT WARNING * * *
You punch the gnoll!
The gnoll glows dangerously bright.
The gnoll is almost dead.
The gnoll hits you with a +0 flail!
* * * LOW HITPOINT WARNING * * *
You barely miss the gnoll.
The gnoll is almost dead.
You barely miss the gnoll.
The gnoll is almost dead.
The gnoll hits you with a +0 flail!
You die...

#. #.# #.#.>.... #.
#.# ##.##.#..# #.
#.###...#.#.## #####.
#<.........##
......########...###.#
#..[.......## #.
#.########## #. #g#
#p# #)# #.# #.. #..
##.# .. ..


You could see a gnoll (heavy contam).

Vanquished Creatures
  Grinder (D:3)
  A steam dragon (D:4)
  A centaur (D:5)
  A scorpion (D:5)
  An orc priest (D:5)
  A hound (D:4)
  A jelly (D:5)
  A sleepcap (D:5)
  2 iguanas
  An orc wizard (D:5)
  A gnoll (D:5)
  8 adders
  A white imp (D:5)
  4 dart slugs
  4 ribbon worms
  6 orcs
  8 bats
  4 endoplasms
  2 giant cockroaches (D:1)
  14 hobgoblins
  3 jackals (D:3)
  8 kobolds
  2 quokkas
  5 ball pythons
  4 frilled lizards
  7 goblins
  7 rats
99 creatures vanquished.

Notes
Turn   | Place    | Note
-------+----------+-------------------------------------------
     0 | D:1      | YayAnonymity the Merfolk Shapeshifter began the quest for
                  | the Orb.
     0 | D:1      | Reached XP level 1. HP: 15/15 MP: 1/1
   201 | D:1      | Found a faded altar of an unknown god.
   245 | D:1      | Reached XP level 2. HP: 21/21 MP: 2/2
   521 | D:1      | Reached XP level 3. HP: 27/27 MP: 3/3
  1249 | D:2      | Reached skill level 5 in Shapeshifting
  1249 | D:2      | Reached XP level 4. HP: 33/33 MP: 4/4
  1417 | D:2      | Reached XP level 5. HP: 36/39 MP: 5/5
  1865 | D:3      | Found a hazy altar of Hepliaklqana.
  2273 | D:3      | Noticed Grinder
  2284 | D:3      | Paralysed by Grinder for 3 turns
  2290 | D:3      | Killed Grinder
  2291 | D:3      | Reached skill level 5 in Dodging
  2291 | D:3      | Reached skill level 6 in Shapeshifting
  2291 | D:3      | Reached XP level 6. HP: 42/48 MP: 6/6
  2550 | D:3      | Found a runed translucent door.
  2551 | D:3      | Noticed Crazy Yiuf
  2953 | D:4      | Reached skill level 7 in Shapeshifting
  2993 | D:4      | Noticed a steam dragon
  3005 | D:4      | Killed a steam dragon
  3006 | D:4      | Reached XP level 7. HP: 7/54 MP: 7/7
  3669 | D:5      | Entered Level 5 of the Dungeon
  3678 | D:5      | Reached skill level 8 in Shapeshifting
  3946 | D:5      | Reached XP level 8. HP: 36/61 MP: 8/8
  3958 | D:5      | HP: 1/61 [gnoll/+0 flail (7)]
  3960 | D:5      | Mangled by a gnoll

Illustrated notes

Levels and vault maps discovered:
D:1:      spicycebolla_arrival_xxxplode, layout_loops_ring,
          basic_ecumenical_altar
D:2:      minmay_thinvault, layout_loops_corners, minmay_misc_feat_rugged,
          nicolae_houndstooth_variations
D:3:      layout_loops_corners, mainiacjoe_overflow_24_doors,
          uniq_crazy_yiuf_cottage, uniq_grinder
D:4:      layout_basic
D:5:      layout_loops_ring, uniq_edmund, uniq_eustachio, uniq_ijyb

Skill      XL: |  1  2  3  4  5  6  7 |
---------------+----------------------+-----
Dodging        | 3 4 5 |  5.0
Fighting       | 2 3 4 |  4.9
Shapeshifting  | 5 6 7 8 |  8.6
Unarmed Combat | 4 |  4.1

Action                     |  1- 3 |  4- 6 |  7- 9 || total
---------------------------+-------+-------+-------++-------
  Melee: Unarmed           |    31 |     7 |    73 ||   111
         Short sword       |    55 |    95 |       ||   150
 Armour: Animal skin       |    13 |       |       ||    13
         Ring mail         |    29 |       |       ||    29
         Chain mail        |     5 |    51 |       ||    56
         Skin              |       |     5 |    28 ||    33
  Dodge: Dodged            |    49 |    54 |    52 ||   155
   Form: Flux              |       |     1 |       ||     1

Table legend: (Time is in decaauts)
 A = Elapsed time spent in this place.
 B = Non-inter-level travel time spent in this place.
 C = Inter-level travel time spent in this place.
 D = Time resting spent in this place.
 E = Time spent auto-exploring this place.
 F = Levels seen in this place.
 G = Mean time per level.
                   A        B        C        D        E       F      G
               +--------+--------+--------+--------+--------+-----+--------+
         Total |   3910 |   3791 |    119 |     54 |   3134 |   5 |  782.0 |
       Dungeon |   3910 |   3791 |    119 |     54 |   3134 |   5 |  782.0 |
               +--------+--------+--------+--------+--------+-----+--------+

Top non-repeatable levels by time:
     D:2: 1082 daAuts
     D:3: 1071 daAuts
     D:4: 744 daAuts
     D:1: 723 daAuts
     D:5: 287 daAuts
